 Dungeon Crawl Stone Soup version 0.28-a0-48-gfd831c5874 (webtiles) character file.

Game seed: 6048652793528318426

2941 quinnr the Zephyrmancer (level 9, -3/62 HPs)
             Began as a Tengu Air Elementalist on July 30, 2021.
             Was a Believer of Vehumet.
             Slain by Harold (18 damage)
             ... on level 7 of the Dungeon.
             The game lasted 00:18:54 (11270 turns).

quinnr the Zephyrmancer (Tengu Air Elementalist)   Turns: 11270, Time: 00:18:55

Health: -3/62      AC:  3    Str:  9    XL:     9   Next: 80%
Magic:  0/17       EV: 15    Int: 18    God:    Vehumet [**....]
Gold:   12         SH:  0    Dex: 15    Spells: 13/18 levels left

rFire   . . .      SeeInvis .   o - +1 lajatang (vamp)
rCold   . . .      Faith    .   (shield currently unavailable)
rNeg    . . .      Spirit   .   a - +1 robe
rPois   .          Reflect  .   (helmet restricted)
rElec   .          Harm     .   (no cloak)
rCorr   .          Rampage  .   (no gloves)
Will    .....                   (boots unavailable)
Stlth   ++........              x - amulet of the acrobat
HPRegen 0.20/turn               (no ring)
MPRegen 0.15/turn               (no ring)

@: marked, flying quickly and evasively, studying Fighting, quick
A: beak, talons 3, nimble flight
a: Renounce Religion


You were on level 7 of the Dungeon.
You worshipped Vehumet.
Vehumet was pleased with you.
You visited 2 branches of the dungeon, and saw 9 of its levels.

You collected 420 gold pieces.
You spent 408 gold pieces at shops.

Inventory:

Hand Weapons
 b - a +0 short sword of electrocution
 o - a +1 vampiric lajatang (weapon)
Missiles
 f - 6 atropa-tipped darts
 t - 4 throwing nets
Armour
 a - a +1 robe (worn)
Jewellery
 x - an amulet of the acrobat (around neck)
Wands
 n - a wand of flame (17)
 w - a wand of digging (11)
Scrolls
 m - a scroll of magic mapping
 r - 2 scrolls of teleportation
 s - 3 scrolls of fog
 y - a scroll of summoning
Potions
 c - 3 potions of attraction {unknown}
 d - 2 potions of mutation {unknown}
 e - 3 potions of curing
 h - 2 potions of lignification {unknown}
 i - 3 potions of heal wounds
 j - a potion of ambrosia
 k - a potion of might
 l - a potion of resistance
 p - 2 potions of magic
 v - a potion of flight


   Skills:
 - Level 10.0 Fighting
 - Level 2.3 Dodging
 - Level 3.0 Stealth
 - Level 5.0 Spellcasting
 - Level 2.0 Conjurations
 + Level 12.8 Air Magic


You had 13 spell levels left.
You knew the following spells:

 Your Spells              Type           Power      Damage    Failure   Level
a - Shock                 Conj/Air       100%       1d9       1%          1
b - Airstrike             Air            25%        N/A       1%          4

Your spell library contained the following spells:

 Spells                   Type           Power      Damage    Failure   Level
 Searing Ray              Conj           22%        3d3       9%          2
 Static Discharge         Conj/Air       31%        N/A       1%          2
 Swiftness                Air            50%        N/A       1%          3
 Conjure Flame            Conj/Fire      8%         6-21      26%         3
 Ignite Poison            Fire/Tmut/Pois 4%         N/A       36%         3
 Sticky Flame             Conj/Fire      8%         2d3       65%         4
 Summon Forest            Summ/Tloc      2%         N/A       98%         5
 Shadow Creatures         Summ           N/A        N/A       100%        6
 Summon Horrible Things   Summ           2%         N/A       100%        8


Dungeon Overview and Level Annotations

Branches:
Dungeon (8/15)             Temple (1/1) D:4
   Lair: D:8-11

Altars:
Ashenzari
Gozag
Hepliaklqana
Kikubaaqudgha
Okawaru
Ru
Sif Muna
Uskayaw
Vehumet
Xom
Zin

Shops:
D:7 *?::(

Annotations:
D:7 Harold


Innate Abilities, Weirdness & Mutations

You have a beak for a mouth.
You have claws for feet.
Your magical nature lets you fly swiftly and evasively.


Message History

The air twists around and strikes Harold!
Harold is heavily wounded.
Unknown command.
Casting: Airstrike (dangerous; 1% risk of failure)
Confirm with . or Enter, or press ? or * to list all spells.
Aiming: Airstrike (dangerous; 1% risk of failure)
Press: ? - help, Dir - move target, f/p - Harold
Aim: Harold, wielding a +0 flail of protection and wearing a +0 scale mail (heavily wounded)
The air twists around and strikes Harold!
Harold is severely wounded.
Harold barely misses you.
Casting: Airstrike (dangerous; 1% risk of failure)
Confirm with . or Enter, or press ? or * to list all spells.
You don't have enough magic to cast this spell.
Unknown command.
Unknown command.
Harold considers, "I think I'll use your bounty to get a nice plot of land..."
Harold points at you and mumbles some strange words.
The mark upon you grows brighter. Harold gestures at you while chanting.
You barely resist.
Casting: Airstrike (dangerous; 1% risk of failure)
Confirm with . or Enter, or press ? or * to list all spells.
Aiming: Airstrike (dangerous; 1% risk of failure)
Press: ? - help, Dir - move target, f/p - Harold
Aim: Harold, wielding a +0 flail of protection and wearing a +0 scale mail (severely wounded)
The air twists around and strikes Harold.
Harold is severely wounded.
Harold fires a harpoon shot at you. The harpoon shot hits you!
* * * LOW HITPOINT WARNING * * *
You are yanked forward by the harpoon shot.
Unknown command.
Aiming: Throw Flame
Press: ? - help, Shift-Dir - straight line, f/p - Harold
Aim: Harold, wielding a +0 flail of protection and wearing a +0 scale mail (severely wounded, 81% to hit)
The puff of flame hits Harold.
Harold is severely wounded.
Harold hits you with a +0 flail of protection!!
You die...

..#........#...............#.....
..#........#...............#.....
###.###+#####.<##########.##..###
###.##....#########..####.##..###
...............................+.
...............................#.
........................>......#.
...............................#.
................@@..>..........#.
...............................#.
#########'##########'############
........#..##....................
........#...#....................
........#...#....................
........#...#....................
........#...#....................
........#####.[..................


You could see Harold.

Vanquished Creatures
  A vampire (D:7)
  2 humans (D:7)
  A water moccasin (D:5)
  2 orc warriors
  4 sky beasts
  3 necrophages
  An ogre (D:6)
  A centaur (D:7)
  A phantom (D:5)
  A bullfrog (D:8)
  A wyvern zombie (D:6)
  A gnoll sergeant (D:4)
  5 wights
  A howler monkey (D:6)
  A bullfrog zombie (D:6)
  3 jellies
  A centaur zombie (D:6)
  5 bullfrog skeletons
  2 orc priests
  A gnoll shaman (D:6)
  An iguana (D:7)
  4 orc wizards
  A hound skeleton (D:4)
  A howler monkey skeleton (D:7)
  A howler monkey zombie (D:6)
  18 gnolls
  9 adders
  An ufetubus (D:6)
  An adder zombie (D:5)
  An adder skeleton (D:4)
  2 worms
  2 dart slugs
  8 orcs
  5 bats (D:1)
  7 endoplasms
  A giant cockroach (D:3)
  6 goblins
  7 hobgoblins
  15 jackals
  A quokka (D:1)
  7 ball pythons
  3 frilled lizards
  A jackal skeleton (D:4)
  11 kobolds
  8 rats
160 creatures vanquished.

Notes
Turn   | Place    | Note
-------+----------+-------------------------------------------
     0 | D:1      | quinnr the Tengu Air Elementalist began the quest for the
                  | Orb.
     0 | D:1      | Reached XP level 1. HP: 10/10 MP: 4/4
   326 | D:1      | Reached XP level 2. HP: 15/15 MP: 3/6
   781 | D:1      | Reached XP level 3. HP: 19/19 MP: 1/7
  2200 | D:2      | Reached XP level 4. HP: 24/24 MP: 4/9
  2702 | D:2      | Reached skill level 5 in Air Magic
  2839 | D:2      | Learned a level 4 spell: Airstrike
  3529 | D:3      | Found a radiant altar of Vehumet.
  3536 | D:3      | Got the Reference Book on Creative Displacement
  3539 | D:3      | Became a worshipper of Vehumet
  3551 | D:3      | Gained mutation: Your magical nature lets you fly swiftly
                  | and evasively. [Tengu growth]
  3551 | D:3      | Reached XP level 5. HP: 28/28 MP: 7/10
  3757 | D:3      | Found an ancient bone altar of Kikubaaqudgha.
  4237 | D:4      | Reached skill level 1 in Fighting
  4284 | D:4      | Found a staircase to the Ecumenical Temple.
  4284 | D:4      | Noticed a necrophage
  4289 | Temple   | Entered the Ecumenical Temple
  4410 | D:4      | Reached skill level 6 in Air Magic
  4492 | D:4      | Killed a necrophage
  4493 | D:4      | Reached XP level 6. HP: 36/36 MP: 0/11
  4801 | D:4      | Reached skill level 7 in Air Magic
  5295 | D:5      | Entered Level 5 of the Dungeon
  5425 | D:5      | Noticed a water moccasin
  5446 | D:5      | Killed a water moccasin
  5447 | D:5      | Reached skill level 5 in Fighting
  5447 | D:5      | Reached XP level 7. HP: 19/44 MP: 2/12
  5931 | D:5      | Reached * piety under Vehumet
  5931 | D:5      | Offered knowledge of Magic Dart by Vehumet.
  6909 | D:6      | Reached skill level 8 in Air Magic
  7186 | D:6      | Reached XP level 8. HP: 38/52 MP: 5/15
  7450 | D:6      | Found a broken altar of Ashenzari.
  7970 | D:6      | Reached skill level 9 in Air Magic
  8140 | D:6      | Reached skill level 5 in Spellcasting
  8468 | D:7      | Found Joseuphao's Magic Scroll Boutique.
  8649 | D:6      | Offered knowledge of Searing Ray by Vehumet.
  8653 | D:6      | Reached ** piety under Vehumet
  8799 | D:7      | Bought a scroll of magic mapping for 49 gold pieces
  8799 | D:7      | Bought a scroll of fog for 28 gold pieces
  8799 | D:7      | Bought a scroll of fog for 28 gold pieces
  8799 | D:7      | Bought a scroll of identify for 28 gold pieces
  8799 | D:7      | Bought a scroll of identify for 28 gold pieces
  8799 | D:7      | Bought a scroll of summoning for 133 gold pieces
  8799 | D:7      | Bought a scroll of teleportation for 42 gold pieces
  8906 | D:7      | Reached XP level 9. HP: 29/60 MP: 5/17
  8947 | D:7      | Reached skill level 10 in Air Magic
  9513 | D:7      | Found Essuhugo's Assorted Antiques.
  9516 | D:7      | Bought an amethyst potion for 24 gold pieces
  9516 | D:7      | Bought an amethyst potion for 24 gold pieces
  9516 | D:7      | Bought a sedimented black potion for 24 gold pieces
  9568 | D:8      | Reached skill level 10 in Fighting
  9572 | D:8      | Reached skill level 11 in Air Magic
  9703 | D:7      | Found Ecipuos's Book Boutique.
  9713 | D:7      | Found Zoigos's Book Shop.
  9781 | D:7      | Found Difi's Weapon Shop.
 10263 | D:7      | Found an opulent altar of Gozag.
 10267 | D:7      | Found a shimmering blue altar of Sif Muna.
 10352 | D:7      | Found an iron altar of Okawaru.
 10376 | D:7      | Reached skill level 12 in Air Magic
 10849 | D:8      | Noticed Harold
 11270 | D:7      | Slain by Harold

Illustrated notes

Levels and vault maps discovered:
D:1:      minmay_arrival_checkered_box, layout_loops_ring,
          chequers_serial_rivers_micro_b
D:2:      layout_basic, chequers_serial_rivers_room_b
D:3:      layout_loops_ring, overflow_temple_1_default,
          mainiacjoe_overflow_surrounded_room
D:4:      layout_basic, temple_doors_e, lightli_minifort
D:5:      layout_basic
D:6:      layout_basic, cheibrodos_ashenzari_chains, kennysheep_generic_room_4
D:7:      layout_gridville, okawaru_humans, minitemple, serial_shops,
          nicolae_stop_n_shop_2, nicolae_shop_temple_entry_statues_fountains,
          nicolae_shop_trees, shop, kennysheep_mini_moat
D:8:      layout_loops_ring, dpeg_lair_monsters, uniq_harold
Temple:   eino_temple_rhombus

Skill      XL: |  1  2  3  4  5  6  7  8  9 |
---------------+----------------------------+-----
Conjurations   | 2 |  2.0
Spellcasting   | 3 4 5 |  5.0
Stealth        | 3 |  3.0
Air Magic      | 5 6 7 8 9 12 | 12.8
Fighting       | 2 5 6 9 10 | 10.0
Dodging        | |  2.3

Action                   |  1- 3 |  4- 6 |  7- 9 || total
-------------------------+-------+-------+-------++-------
Melee: Unarmed           |     4 |       |       ||     4
       Peck              |     3 |     2 |       ||     5
       Short sword       |    14 |     3 |       ||    17
       Kick              |     3 |     4 |       ||     7
       Lajatang          |       |    19 |     6 ||    25
 Cast: Shock             |    94 |   110 |   160 ||   364
       Airstrike         |       |     6 |    67 ||    73
Evoke: Wand              |       |     2 |     2 ||     4
  Use: Scroll            |     2 |     5 |     9 ||    16
       Potion            |     1 |     3 |     1 ||     5
Armor: Robe              |     3 |     3 |     3 ||     9
Dodge: Dodged            |    29 |    36 |    43 ||   108

Table legend: (Time is in decaauts)
 A = Elapsed time spent in this place.
 B = Non-inter-level travel time spent in this place.
 C = Inter-level travel time spent in this place.
 D = Time resting spent in this place.
 E = Time spent auto-exploring this place.
 F = Levels seen in this place.
 G = Mean time per level.
                   A        B        C        D        E       F      G
               +--------+--------+--------+--------+--------+-----+--------+
         Total |  10898 |  10653 |    245 |   1333 |   8106 |   9 | 1210.9 |
       Dungeon |  10893 |  10651 |    242 |   1333 |   8104 |   8 | 1361.6 |
        Temple |      5 |      3 |      2 |      0 |      1 |   1 |    5.0 |
               +--------+--------+--------+--------+--------+-----+--------+

Top non-repeatable levels by time:
     D:7: 2146 daAuts
     D:6: 1814 daAuts
     D:1: 1624 daAuts
     D:2: 1491 daAuts
     D:5: 1329 daAuts
     D:4: 1238 daAuts
     D:3: 981 daAuts
     D:8: 267 daAuts
  Temple: 5 daAuts
